[ PARTIDA AOE2 · #473667605 ]
UnrankedArmenios vs Spanish
[ ANÁLISIS DE REPETICIÓN · EXTRAÍDO DE LA PARTIDA GRABADA ]
Feudal
9:17
Castillos
23:22
Imperial
39:24
| APM promedio | 59.3 |
| APM pico | 111 |
| eAPM promedio | 20.3 |
| Aldeanos / militares | 117 / 135 |
Foco
⚔️ 39.6% · 🌾 60.4%
Archer ×107 · Composite Bowman ×15 · Mangonel ×6 · Trebuchet (Packed) ×5 · Spearman ×1 · Skirmisher ×1
Feudal
9:55
Castillos
22:38
Imperial
38:03
| APM promedio | 36.7 |
| APM pico | 80 |
| eAPM promedio | 14.7 |
| Aldeanos / militares | 130 / 126 |
Foco
⚔️ 22.2% · 🌾 77.8%
Knight ×112 · Scout Cavalry ×14
Feudal
9:47
Castillos
26:13
Imperial
—
| APM promedio | 65.2 |
| APM pico | 117 |
| eAPM promedio | 20.1 |
| Aldeanos / militares | 125 / 59 |
Foco
⚔️ 28.2% · 🌾 71.8%
Conquistador ×36 · Scout Cavalry ×13 · Spearman ×7 · Mangonel ×2 · Militia ×1
Feudal
9:39
Castillos
22:20
Imperial
—
| APM promedio | 55.9 |
| APM pico | 117 |
| eAPM promedio | 20.8 |
| Aldeanos / militares | 92 / 183 |
Foco
⚔️ 51.1% · 🌾 48.9%
Archer ×182 · Spearman ×1
Feudal
9:24
Castillos
23:46
Imperial
—
| APM promedio | 50.2 |
| APM pico | 75 |
| eAPM promedio | 19.6 |
| Aldeanos / militares | 63 / 99 |
Foco
⚔️ 49.3% · 🌾 50.7%
Elephant Archer ×56 · Archer ×39 · Armored Elephant ×4
Feudal
8:50
Castillos
25:05
Imperial
—
| APM promedio | 70.7 |
| APM pico | 140 |
| eAPM promedio | 24.4 |
| Aldeanos / militares | 157 / 51 |
Foco
⚔️ 26.0% · 🌾 74.0%
Knight ×35 · Scout Cavalry ×15 · Monk ×1
Feudal
9:11
Castillos
23:49
Imperial
—
| APM promedio | 57.8 |
| APM pico | 118 |
| eAPM promedio | 14.7 |
| Aldeanos / militares | 121 / 127 |
Foco
⚔️ 34.9% · 🌾 65.1%
Scout Cavalry ×77 · Knight ×50
Feudal
9:48
Castillos
29:42
Imperial
—
| APM promedio | 45.2 |
| APM pico | 159 |
| eAPM promedio | 25.9 |
| Aldeanos / militares | 161 / 187 |
Foco
⚔️ 48.3% · 🌾 51.7%
Archer ×184 · Spearman ×3
Mapa de la partida
Recursos iniciales + cada clic de construcción. Líneas = muros · curvas = relieve. ◆ oro · ⬟ piedra · ● bayas · ✦ reliquia · ◌ hueco del cierre
Tu base· Abierta — flanco sin cerrar
Base de NSK.Kalupso· Abierta — flanco sin cerrar
Base de [DAO] Encoded29· Abierta — flanco sin cerrar
Base de Ivolia· Abierta — hueco de 8t
Base de Obuk· Abierta — flanco sin cerrar
Base de Jan the Hakker
Base de Pelopincho· Abierta — flanco sin cerrar
Base de ReigNessaince· Abierta — hueco de 7t
Terreno inicial suavizado · ◌ = hueco del cierre detectado · pasá el cursor para detalles
Inputs por minuto
— Kampie - - NSK.Kalupso
Build order — Kampie
Primeras 150 de 387 acciones detectadas
| 0:02 | Crear | Villager (Male) |
| 0:02 | Crear | Villager (Male) |
| 0:03 | Construir | House |
| 0:05 | Construir | House |
| 0:08 | Crear | Villager (Male) |
| 0:08 | Crear | Villager (Male) |
| 1:44 | Crear | Villager (Male) |
| 2:05 | Crear | Villager (Male) |
| 2:16 | Crear | Villager (Male) |
| 2:45 | Crear | Villager (Male) |
| 2:59 | Construir | Mule Cart |
| 3:18 | Crear | Villager (Male) |
| 3:29 | Construir | House |
| 3:52 | Crear | Villager (Male) |
| 4:14 | Crear | Villager (Male) |
| 4:14 | Crear | Villager (Male) |
| 4:55 | Crear | Villager (Male) |
| 5:04 | Construir | Mill |
| 5:19 | Crear | Villager (Male) |
| 5:20 | Crear | Villager (Male) |
| 5:38 | Construir | House |
| 5:54 | Investigar | Loom |
| 6:40 | Crear | Villager (Male) |
| 7:06 | Investigar | Feudal Age |
| 7:28 | Construir | Mule Cart |
| 8:08 | Construir | Barracks |
| 8:25 | Crear | Villager (Male) |
| 8:43 | Construir | Palisade Wall |
| 9:17 | Edad | Edad Feudal |
| 9:20 | Construir | Archery Range |
| 9:21 | Crear | Spearman |
| 9:36 | Crear | Villager (Male) |
| 9:50 | Construir | House |
| 10:01 | Crear | Villager (Male) |
| 10:10 | Construir | Archery Range |
| 10:12 | Crear | Villager (Male) |
| 10:18 | Crear | Archer |
| 10:45 | Crear | Archer |
| 10:47 | Crear | Villager (Male) |
| 10:50 | Construir | House |
| 11:02 | Crear | Villager (Male) |
| 11:03 | Crear | Archer |
| 11:05 | Crear | Villager (Male) |
| 11:09 | Construir | House |
| 11:21 | Crear | Archer |
| 11:49 | Crear | Archer |
| 11:52 | Construir | Blacksmith |
| 11:57 | Crear | Villager (Male) |
| 12:21 | Crear | Archer |
| 12:22 | Crear | Archer |
| 12:44 | Investigar | Fletching |
| 12:45 | Crear | Villager (Male) |
| 12:47 | Crear | Villager (Male) ×2 |
| 12:49 | Construir | House |
| 12:50 | Construir | House |
| 13:11 | Crear | Archer |
| 13:16 | Crear | Archer |
| 13:22 | Crear | Villager (Male) |
| 13:43 | Crear | Archer |
| 13:53 | Crear | Villager (Male) |
| 14:00 | Construir | House |
| 14:03 | Construir | House |
| 14:10 | Crear | Archer |
| 14:10 | Crear | Archer |
| 14:26 | Crear | Villager (Male) |
| 14:30 | Construir | Palisade Wall |
| 14:30 | Construir | Palisade Wall |
| 14:31 | Construir | Palisade Wall |
| 14:38 | Crear | Archer |
| 14:40 | Construir | House |
| 14:45 | Crear | Villager (Male) |
| 14:46 | Construir | Farm |
| 14:49 | Crear | Villager (Male) |
| 14:50 | Crear | Villager (Male) |
| 14:59 | Crear | Archer |
| 15:05 | Investigar | Double-Bit Axe |
| 15:05 | Investigar | Double-Bit Axe |
| 15:06 | Crear | Villager (Male) |
| 15:19 | Construir | House |
| 15:20 | Construir | House |
| 15:23 | Construir | House |
| 15:26 | Crear | Archer |
| 15:26 | Crear | Archer |
| 16:01 | Construir | Farm |
| 16:02 | Construir | Farm |
| 16:08 | Crear | Archer |
| 16:09 | Crear | Archer |
| 16:17 | Crear | Archer |
| 16:18 | Crear | Villager (Male) |
| 16:19 | Construir | Farm |
| 16:22 | Construir | Farm |
| 16:33 | Crear | Archer |
| 16:35 | Construir | House |
| 16:55 | Crear | Villager (Male) |
| 16:56 | Construir | Farm |
| 16:57 | Construir | Farm |
| 17:15 | Crear | Archer |
| 17:16 | Crear | Archer |
| 17:20 | Construir | House |
| 17:39 | Crear | Villager (Male) |
| 17:46 | Construir | Farm |
| 17:47 | Construir | Farm |
| 17:49 | Construir | Farm |
| 17:57 | Crear | Archer |
| 18:22 | Crear | Archer |
| 18:22 | Crear | Archer |
| 18:23 | Crear | Villager (Male) |
| 18:40 | Crear | Archer |
| 18:40 | Crear | Archer |
| 18:41 | Crear | Villager (Male) |
| 18:47 | Construir | Mule Cart |
| 19:08 | Construir | House |
| 19:11 | Construir | Palisade Wall |
| 19:16 | Crear | Villager (Male) |
| 19:19 | Construir | Farm |
| 19:20 | Construir | Farm |
| 19:33 | Construir | Farm |
| 19:36 | Construir | Farm |
| 19:40 | Crear | Archer |
| 19:41 | Crear | Villager (Male) |
| 19:55 | Crear | Archer |
| 20:00 | Construir | Farm |
| 20:02 | Crear | Villager (Male) |
| 20:07 | Construir | House |
| 20:08 | Construir | Palisade Wall |
| 20:42 | Investigar | Castle Age |
| 20:43 | Crear | Archer |
| 20:43 | Crear | Archer |
| 21:02 | Crear | Archer |
| 21:15 | Construir | Farm |
| 21:16 | Construir | Farm |
| 21:18 | Crear | Archer |
| 21:18 | Crear | Archer |
| 21:25 | Construir | House |
| 21:27 | Construir | House |
| 21:31 | Construir | Palisade Wall |
| 21:33 | Construir | Palisade Wall |
| 21:35 | Construir | Palisade Wall |
| 21:37 | Construir | Palisade Wall |
| 21:38 | Construir | Palisade Wall |
| 21:39 | Construir | Palisade Wall |
| 21:40 | Construir | Palisade Wall |
| 21:52 | Crear | Archer |
| 22:10 | Investigar | Padded Archer Armor |
| 22:12 | Crear | Archer |
| 22:13 | Crear | Archer |
| 22:53 | Crear | Archer ×5 |
| 22:58 | Construir | Archery Range |
| 23:22 | Edad | Edad de los Castillos |
| 23:23 | Investigar | Bodkin Arrow |
Build order — NSK.Kalupso
Primeras 150 de 308 acciones detectadas
| 0:02 | Crear | Villager (Male) |
| 0:02 | Crear | Villager (Male) |
| 0:03 | Crear | Villager (Male) |
| 0:04 | Construir | House |
| 0:05 | Construir | House |
| 0:13 | Crear | Villager (Male) |
| 1:27 | Crear | Villager (Male) |
| 1:55 | Construir | Lumber Camp |
| 2:04 | Crear | Villager (Male) |
| 2:26 | Crear | Villager (Male) |
| 2:52 | Crear | Villager (Male) |
| 3:04 | Construir | House |
| 3:21 | Crear | Villager (Male) |
| 3:48 | Crear | Villager (Male) |
| 3:52 | Construir | Mill |
| 4:10 | Crear | Villager (Male) |
| 4:20 | Construir | House |
| 4:21 | Construir | House |
| 4:30 | Crear | Villager (Male) |
| 5:05 | Crear | Villager (Male) |
| 5:28 | Crear | Villager (Male) |
| 5:29 | Crear | Villager (Male) |
| 5:37 | Crear | Villager (Male) |
| 5:39 | Investigar | Loom |
| 6:15 | Crear | Villager (Male) |
| 6:36 | Crear | Villager (Male) |
| 7:09 | Crear | Villager (Male) |
| 7:45 | Investigar | Feudal Age |
| 7:56 | Construir | Barracks |
| 8:02 | Construir | House |
| 8:42 | Crear | Villager (Male) |
| 9:11 | Construir | House |
| 9:55 | Edad | Edad Feudal |
| 9:56 | Construir | Stable |
| 10:02 | Construir | Blacksmith |
| 10:10 | Crear | Villager (Male) |
| 10:12 | Investigar | Double-Bit Axe |
| 10:14 | Investigar | Horse Collar |
| 10:35 | Investigar | Wheelbarrow |
| 10:41 | Construir | House |
| 10:42 | Construir | House |
| 10:48 | Crear | Scout Cavalry |
| 10:59 | Crear | Scout Cavalry |
| 11:01 | Crear | Villager (Male) |
| 11:01 | Crear | Villager (Male) |
| 11:26 | Construir | Farm |
| 11:45 | Crear | Scout Cavalry |
| 11:47 | Investigar | Scale Barding Armor |
| 11:49 | Construir | Farm |
| 11:59 | Crear | Scout Cavalry |
| 12:20 | Construir | Farm |
| 12:25 | Crear | Scout Cavalry |
| 12:27 | Crear | Villager (Male) |
| 12:36 | Construir | Farm |
| 13:06 | Crear | Villager (Male) |
| 13:15 | Crear | Scout Cavalry |
| 13:19 | Crear | Villager (Male) |
| 13:24 | Construir | Farm |
| 13:33 | Crear | Villager (Male) |
| 13:34 | Crear | Scout Cavalry |
| 13:44 | Construir | Stable |
| 13:53 | Construir | Farm |
| 13:55 | Construir | Farm |
| 13:58 | Crear | Villager (Male) |
| 14:04 | Construir | Farm |
| 14:15 | Crear | Scout Cavalry |
| 14:18 | Investigar | Forging |
| 14:19 | Crear | Villager (Male) |
| 14:41 | Construir | Mining Camp |
| 14:59 | Crear | Scout Cavalry |
| 14:59 | Crear | Scout Cavalry |
| 15:00 | Crear | Villager (Male) |
| 15:15 | Crear | Scout Cavalry |
| 15:16 | Crear | Scout Cavalry |
| 15:23 | Crear | Villager (Male) |
| 15:25 | Construir | Farm |
| 15:37 | Construir | Farm |
| 16:00 | Crear | Villager (Male) |
| 16:00 | Crear | Villager (Male) |
| 16:04 | Crear | Scout Cavalry |
| 16:11 | Crear | Villager (Male) |
| 16:27 | Construir | Lumber Camp |
| 16:32 | Crear | Scout Cavalry |
| 16:55 | Crear | Villager (Male) |
| 16:55 | Crear | Villager (Male) |
| 16:57 | Construir | House |
| 17:01 | Construir | House |
| 17:02 | Construir | House |
| 17:07 | Crear | Villager (Male) |
| 17:28 | Construir | Farm |
| 17:29 | Construir | Farm |
| 17:54 | Construir | Farm |
| 19:12 | Construir | Market |
| 19:30 | Crear | Villager (Male) |
| 19:58 | Investigar | Castle Age |
| 20:11 | Construir | Lumber Camp |
| 20:22 | Construir | Mining Camp |
| 20:42 | Investigar | Gold Mining |
| 21:23 | Construir | House |
| 22:23 | Construir | Palisade Wall |
| 22:25 | Construir | Palisade Wall |
| 22:38 | Edad | Edad de los Castillos |
| 22:42 | Crear | Knight |
| 22:43 | Crear | Knight |
| 22:45 | Crear | Villager (Male) |
| 22:46 | Investigar | Bow Saw |
| 23:01 | Construir | Town Center |
| 23:05 | Construir | Town Center |
| 23:38 | Construir | Mining Camp |
| 23:41 | Crear | Knight |
| 23:41 | Crear | Knight |
| 23:43 | Crear | Villager (Male) |
| 23:43 | Crear | Villager (Male) |
| 24:12 | Crear | Villager (Male) |
| 24:12 | Crear | Villager (Male) |
| 24:30 | Crear | Knight |
| 24:30 | Crear | Knight |
| 24:30 | Crear | Villager (Male) |
| 24:42 | Construir | Farm |
| 24:43 | Construir | Farm |
| 24:43 | Construir | Farm |
| 24:43 | Construir | Farm |
| 24:44 | Construir | Farm |
| 24:47 | Construir | Mill |
| 24:49 | Construir | Farm |
| 24:49 | Construir | Farm |
| 24:49 | Construir | Farm |
| 24:49 | Construir | Farm |
| 25:35 | Crear | Villager (Male) |
| 25:35 | Crear | Villager (Male) |
| 25:35 | Crear | Villager (Male) |
| 26:05 | Crear | Villager (Male) |
| 26:05 | Crear | Villager (Male) |
| 26:05 | Crear | Villager (Male) |
| 26:05 | Crear | Villager (Male) |
| 26:07 | Construir | Farm |
| 26:09 | Construir | Farm |
| 26:13 | Construir | Farm |
| 26:15 | Crear | Villager (Male) |
| 26:16 | Crear | Villager (Male) |
| 26:16 | Crear | Villager (Male) |
| 26:39 | Crear | Villager (Male) |
| 26:39 | Crear | Villager (Male) |
| 26:41 | Construir | Farm |
| 26:50 | Crear | Villager (Male) |
| 26:50 | Crear | Villager (Male) |
| 26:55 | Construir | Farm |
| 27:07 | Construir | Farm |
| 27:14 | Crear | Villager (Male) |
| 27:16 | Investigar | Bloodlines |
Build order — [DAO] Encoded29
Primeras 150 de 294 acciones detectadas
| 0:01 | Crear | Villager (Male) |
| 0:02 | Crear | Villager (Male) |
| 0:03 | Construir | House |
| 0:04 | Construir | House |
| 0:23 | Crear | Villager (Male) |
| 0:27 | Crear | Villager (Male) |
| 1:23 | Crear | Villager (Male) |
| 1:58 | Crear | Villager (Male) |
| 2:12 | Crear | Villager (Male) |
| 2:29 | Construir | Lumber Camp |
| 2:48 | Crear | Villager (Male) |
| 2:49 | Crear | Villager (Male) |
| 3:18 | Crear | Villager (Male) |
| 3:41 | Construir | House |
| 4:02 | Crear | Villager (Male) |
| 4:19 | Crear | Villager (Male) |
| 4:55 | Crear | Villager (Male) |
| 5:14 | Crear | Villager (Male) |
| 5:28 | Crear | Villager (Male) |
| 5:38 | Construir | House |
| 6:19 | Crear | Villager (Male) |
| 6:42 | Construir | Mill |
| 6:47 | Crear | Villager (Male) |
| 7:09 | Investigar | Loom |
| 7:35 | Investigar | Feudal Age |
| 8:11 | Construir | Barracks |
| 9:24 | Construir | House |
| 9:25 | Crear | Villager (Male) |
| 9:47 | Edad | Edad Feudal |
| 9:50 | Construir | Stable |
| 9:56 | Crear | Villager (Male) |
| 9:59 | Crear | Spearman |
| 10:01 | Investigar | Double-Bit Axe |
| 10:03 | Investigar | Horse Collar |
| 10:08 | Crear | Villager (Male) |
| 10:25 | Crear | Scout Cavalry |
| 10:36 | Crear | Villager (Male) |
| 10:44 | Crear | Scout Cavalry |
| 10:58 | Crear | Scout Cavalry |
| 11:04 | Construir | Farm |
| 11:15 | Construir | Lumber Camp |
| 11:33 | Crear | Scout Cavalry |
| 11:37 | Crear | Villager (Male) |
| 11:52 | Crear | Villager (Male) |
| 11:55 | Construir | Farm |
| 12:03 | Construir | Farm |
| 12:04 | Crear | Villager (Male) |
| 12:06 | Construir | House |
| 12:12 | Construir | Farm |
| 12:36 | Crear | Scout Cavalry |
| 12:41 | Construir | Farm |
| 13:04 | Crear | Villager (Male) |
| 13:09 | Construir | Mining Camp |
| 13:10 | Crear | Villager (Male) |
| 13:26 | Crear | Scout Cavalry |
| 13:40 | Crear | Villager (Male) |
| 13:42 | Construir | Farm |
| 13:48 | Construir | Farm |
| 14:08 | Crear | Scout Cavalry |
| 14:11 | Construir | House |
| 14:12 | Construir | House |
| 14:26 | Construir | Farm |
| 14:47 | Crear | Villager (Male) |
| 14:53 | Crear | Scout Cavalry |
| 14:54 | Crear | Spearman |
| 15:09 | Crear | Villager (Male) |
| 15:14 | Crear | Scout Cavalry |
| 15:49 | Construir | Farm |
| 15:50 | Crear | Villager (Male) |
| 15:52 | Construir | Market |
| 16:01 | Construir | Farm |
| 16:01 | Construir | Farm |
| 16:01 | Construir | Farm |
| 16:01 | Construir | Farm |
| 16:18 | Crear | Villager (Male) |
| 16:28 | Construir | Farm |
| 16:40 | Crear | Villager (Male) |
| 16:43 | Construir | Blacksmith |
| 17:01 | Crear | Scout Cavalry |
| 17:10 | Crear | Villager (Male) |
| 17:12 | Construir | Farm |
| 17:29 | Crear | Scout Cavalry |
| 17:32 | Investigar | Scale Barding Armor |
| 17:33 | Crear | Villager (Male) |
| 17:39 | Construir | Watch Tower |
| 17:42 | Crear | Villager (Male) |
| 17:48 | Construir | Farm |
| 18:16 | Crear | Scout Cavalry |
| 18:23 | Crear | Villager (Male) |
| 18:36 | Crear | Spearman |
| 18:45 | Crear | Villager (Male) |
| 19:01 | Crear | Scout Cavalry |
| 19:03 | Crear | Spearman |
| 19:08 | Crear | Villager (Male) |
| 19:33 | Crear | Villager (Male) |
| 19:36 | Crear | Spearman |
| 19:44 | Construir | House |
| 19:55 | Crear | Spearman |
| 20:02 | Crear | Villager (Male) |
| 20:16 | Crear | Spearman |
| 20:35 | Crear | Villager (Male) |
| 20:58 | Construir | Mill |
| 20:59 | Construir | Farm |
| 21:00 | Construir | Farm |
| 21:00 | Construir | Farm |
| 21:01 | Crear | Villager (Male) |
| 21:23 | Crear | Villager (Male) |
| 21:42 | Crear | Villager (Male) |
| 21:45 | Construir | House |
| 21:58 | Construir | Mining Camp |
| 21:59 | Crear | Villager (Male) |
| 22:22 | Crear | Villager (Male) |
| 22:45 | Crear | Villager (Male) |
| 22:48 | Construir | Market |
| 23:33 | Investigar | Castle Age |
| 24:13 | Investigar | Gold Mining |
| 24:27 | Construir | Outpost |
| 26:06 | Investigar | Bloodlines |
| 26:09 | Crear | Villager (Male) |
| 26:13 | Edad | Edad de los Castillos |
| 26:22 | Construir | Castle |
| 26:23 | Crear | Villager (Male) |
| 26:30 | Construir | Town Center |
| 26:35 | Investigar | Bow Saw |
| 26:43 | Crear | Villager (Male) |
| 26:46 | Investigar | Heavy Plow |
| 26:58 | Investigar | Husbandry |
| 27:07 | Crear | Villager (Male) |
| 27:10 | Construir | Farm |
| 27:12 | Construir | Farm |
| 27:14 | Construir | Farm |
| 27:16 | Construir | Farm |
| 27:35 | Crear | Conquistador |
| 27:42 | Crear | Villager (Male) |
| 28:03 | Crear | Villager (Male) |
| 28:06 | Construir | Farm |
| 28:06 | Construir | Farm |
| 28:07 | Construir | Farm |
| 28:07 | Construir | Farm |
| 28:07 | Construir | Farm |
| 28:07 | Construir | Farm |
| 28:08 | Crear | Villager (Male) |
| 28:13 | Crear | Conquistador |
| 28:20 | Crear | Villager (Male) |
| 28:32 | Crear | Conquistador |
| 28:32 | Crear | Conquistador |
| 28:42 | Construir | Farm |
| 28:42 | Construir | Farm |
| 28:42 | Construir | Farm |
| 28:42 | Construir | Farm |
Build order — Ivolia
Primeras 150 de 375 acciones detectadas
| 0:00 | Crear | Villager (Male) |
| 0:01 | Crear | Villager (Male) |
| 0:01 | Crear | Villager (Male) |
| 0:01 | Crear | Villager (Male) |
| 0:02 | Construir | House |
| 0:03 | Construir | House |
| 1:27 | Crear | Villager (Male) |
| 1:49 | Construir | Lumber Camp |
| 1:57 | Crear | Villager (Male) |
| 1:58 | Crear | Villager (Male) |
| 2:13 | Crear | Villager (Male) |
| 2:13 | Crear | Villager (Male) |
| 2:49 | Crear | Villager (Male) |
| 3:15 | Crear | Villager (Male) |
| 3:26 | Crear | Villager (Male) |
| 3:26 | Crear | Villager (Male) |
| 3:31 | Construir | House |
| 3:51 | Crear | Villager (Male) |
| 4:12 | Crear | Villager (Male) |
| 4:21 | Construir | Mill |
| 4:38 | Crear | Villager (Male) |
| 5:06 | Crear | Villager (Male) |
| 5:29 | Crear | Villager (Male) |
| 5:34 | Construir | House |
| 5:47 | Crear | Villager (Male) |
| 6:00 | Investigar | Loom |
| 6:08 | Crear | Villager (Male) |
| 6:10 | Crear | Villager (Male) |
| 7:03 | Crear | Villager (Male) |
| 7:24 | Investigar | Loom |
| 7:25 | Investigar | Feudal Age |
| 8:52 | Construir | Barracks |
| 9:11 | Crear | Villager (Male) |
| 9:21 | Construir | Mining Camp |
| 9:37 | Construir | House |
| 9:39 | Edad | Edad Feudal |
| 9:48 | Crear | Spearman |
| 9:53 | Investigar | Double-Bit Axe |
| 9:54 | Crear | Villager (Male) |
| 10:28 | Crear | Villager (Male) |
| 10:44 | Crear | Villager (Male) |
| 10:57 | Construir | Archery Range |
| 10:59 | Crear | Villager (Male) |
| 11:04 | Construir | House |
| 11:10 | Construir | House |
| 11:15 | Crear | Villager (Male) |
| 11:30 | Construir | Archery Range |
| 11:39 | Crear | Villager (Male) |
| 11:59 | Construir | Palisade Wall |
| 12:02 | Construir | House |
| 12:05 | Crear | Archer |
| 12:13 | Construir | Blacksmith |
| 12:15 | Construir | Palisade Wall |
| 12:19 | Crear | Archer |
| 12:33 | Construir | Palisade Wall |
| 12:35 | Crear | Villager (Male) |
| 12:36 | Crear | Archer |
| 12:37 | Crear | Archer |
| 12:39 | Construir | Farm |
| 12:56 | Crear | Archer |
| 12:56 | Crear | Villager (Male) |
| 13:13 | Construir | Farm |
| 13:13 | Construir | Farm |
| 13:14 | Crear | Villager (Male) |
| 13:21 | Crear | Archer |
| 13:28 | Crear | Archer |
| 13:28 | Crear | Villager (Male) |
| 13:45 | Crear | Archer |
| 13:46 | Crear | Villager (Male) |
| 13:53 | Construir | House |
| 14:01 | Crear | Archer |
| 14:11 | Construir | Lumber Camp |
| 14:15 | Construir | Watch Tower |
| 14:45 | Crear | Archer |
| 14:45 | Crear | Archer |
| 14:45 | Crear | Villager (Male) |
| 15:12 | Construir | House |
| 15:14 | Construir | House |
| 15:18 | Crear | Archer |
| 15:29 | Crear | Archer |
| 15:42 | Construir | Farm |
| 15:43 | Crear | Villager (Male) |
| 15:43 | Crear | Villager (Male) |
| 15:52 | Crear | Archer |
| 15:53 | Crear | Villager (Male) |
| 15:55 | Construir | Farm |
| 15:55 | Construir | Farm |
| 15:55 | Construir | Farm |
| 15:56 | Crear | Villager (Male) |
| 15:56 | Crear | Villager (Male) |
| 16:02 | Crear | Villager (Male) |
| 16:14 | Construir | House |
| 16:19 | Crear | Archer |
| 16:35 | Crear | Archer |
| 16:46 | Investigar | Fletching |
| 16:46 | Investigar | Fletching |
| 17:04 | Crear | Archer |
| 17:04 | Crear | Villager (Male) |
| 17:08 | Construir | Farm |
| 17:09 | Construir | Farm |
| 17:14 | Construir | Mining Camp |
| 17:15 | Crear | Villager (Male) |
| 17:16 | Crear | Archer |
| 17:27 | Crear | Archer |
| 17:37 | Construir | Farm |
| 17:39 | Construir | Farm |
| 17:49 | Crear | Archer |
| 17:49 | Crear | Villager (Male) |
| 17:55 | Crear | Archer |
| 18:16 | Crear | Archer |
| 18:16 | Crear | Villager (Male) |
| 18:18 | Construir | Farm |
| 18:28 | Crear | Archer |
| 18:30 | Construir | House |
| 18:47 | Construir | House |
| 18:48 | Construir | House |
| 18:48 | Construir | House |
| 19:08 | Crear | Archer |
| 19:08 | Crear | Archer |
| 19:19 | Crear | Archer |
| 19:19 | Crear | Archer |
| 19:19 | Crear | Villager (Male) |
| 19:40 | Construir | Lumber Camp |
| 19:51 | Construir | Farm |
| 19:51 | Crear | Archer |
| 19:52 | Crear | Archer |
| 19:53 | Crear | Villager (Male) |
| 20:08 | Construir | Farm |
| 20:14 | Crear | Villager (Male) |
| 20:31 | Construir | House |
| 20:31 | Construir | House |
| 20:32 | Construir | House |
| 20:33 | Investigar | Castle Age |
| 20:34 | Crear | Archer |
| 20:35 | Crear | Archer |
| 20:42 | Construir | Palisade Wall |
| 21:07 | Construir | Archery Range |
| 21:10 | Crear | Archer |
| 21:10 | Crear | Archer |
| 21:13 | Crear | Archer |
| 21:13 | Crear | Archer |
| 21:13 | Crear | Villager (Male) |
| 21:33 | Crear | Archer |
| 21:36 | Investigar | Gold Mining |
| 21:55 | Crear | Archer |
| 21:56 | Crear | Archer |
| 21:56 | Crear | Villager (Male) |
| 22:01 | Crear | Archer |
| 22:01 | Crear | Archer |
| 22:05 | Investigar | Padded Archer Armor |
Build order — Obuk
Primeras 150 de 261 acciones detectadas
| 0:03 | Crear | Villager (Male) |
| 0:03 | Crear | Villager (Male) |
| 0:06 | Construir | House |
| 0:19 | Crear | Villager (Male) |
| 0:19 | Crear | Villager (Male) |
| 1:16 | Crear | Villager (Male) |
| 1:53 | Construir | House |
| 2:02 | Crear | Villager (Male) |
| 2:16 | Construir | Lumber Camp |
| 2:18 | Crear | Villager (Male) |
| 2:23 | Construir | House |
| 2:50 | Crear | Villager (Male) |
| 3:25 | Crear | Villager (Male) |
| 3:48 | Crear | Villager (Male) |
| 4:05 | Crear | Villager (Male) |
| 4:12 | Crear | Villager (Male) |
| 4:30 | Crear | Villager (Male) |
| 4:47 | Construir | Mill |
| 4:58 | Crear | Villager (Male) |
| 5:36 | Construir | House |
| 5:54 | Crear | Villager (Male) |
| 6:15 | Crear | Villager (Male) |
| 6:33 | Investigar | Loom |
| 7:14 | Investigar | Feudal Age |
| 7:25 | Construir | Barracks |
| 8:31 | Construir | House |
| 8:44 | Crear | Villager (Male) |
| 8:44 | Crear | Villager (Male) |
| 8:51 | Construir | Mining Camp |
| 9:13 | Crear | Villager (Male) |
| 9:24 | Edad | Edad Feudal |
| 9:25 | Construir | Archery Range |
| 10:06 | Crear | Archer |
| 10:10 | Crear | Villager (Male) |
| 10:16 | Investigar | Double-Bit Axe |
| 10:26 | Crear | Archer |
| 10:48 | Construir | Archery Range |
| 10:57 | Crear | Archer |
| 10:59 | Crear | Villager (Male) |
| 11:27 | Crear | Archer |
| 11:39 | Crear | Villager (Male) |
| 11:42 | Construir | House |
| 11:51 | Investigar | Town Watch |
| 11:57 | Crear | Archer |
| 11:58 | Crear | Archer |
| 12:15 | Crear | Archer |
| 12:38 | Crear | Villager (Male) |
| 12:39 | Crear | Villager (Male) |
| 12:43 | Construir | Blacksmith |
| 13:02 | Crear | Archer |
| 13:15 | Crear | Villager (Male) |
| 13:18 | Construir | House |
| 13:20 | Construir | House |
| 13:21 | Construir | House |
| 13:34 | Crear | Archer |
| 13:34 | Crear | Archer |
| 13:51 | Crear | Archer |
| 13:51 | Crear | Archer |
| 13:52 | Crear | Villager (Male) |
| 14:05 | Investigar | Fletching |
| 14:19 | Crear | Villager (Male) |
| 14:29 | Crear | Villager (Male) |
| 14:32 | Investigar | Gold Mining |
| 14:53 | Construir | House |
| 14:54 | Crear | Villager (Male) |
| 14:56 | Construir | Farm |
| 15:00 | Crear | Villager (Male) |
| 15:09 | Construir | Lumber Camp |
| 15:20 | Investigar | Wheelbarrow |
| 15:21 | Crear | Archer |
| 15:48 | Crear | Villager (Male) |
| 15:54 | Crear | Archer |
| 16:10 | Crear | Archer |
| 16:11 | Crear | Archer |
| 16:58 | Crear | Villager (Male) |
| 17:00 | Construir | Farm |
| 17:02 | Construir | Farm |
| 17:02 | Construir | Farm |
| 17:03 | Construir | Farm |
| 17:15 | Crear | Archer |
| 17:16 | Crear | Archer |
| 17:29 | Crear | Archer |
| 17:30 | Crear | Archer |
| 17:38 | Investigar | Padded Archer Armor |
| 17:38 | Investigar | Padded Archer Armor |
| 17:39 | Crear | Villager (Male) |
| 17:41 | Construir | Farm |
| 17:45 | Crear | Villager (Male) |
| 18:02 | Crear | Archer |
| 18:02 | Crear | Archer |
| 18:19 | Crear | Villager (Male) |
| 18:23 | Construir | Farm |
| 18:24 | Construir | Farm |
| 19:11 | Crear | Archer |
| 19:12 | Crear | Archer |
| 19:13 | Crear | Archer |
| 19:15 | Crear | Archer |
| 19:21 | Construir | Archery Range |
| 19:55 | Crear | Archer |
| 19:55 | Crear | Archer |
| 20:01 | Crear | Villager (Male) |
| 20:07 | Construir | Market |
| 20:16 | Crear | Archer |
| 20:17 | Crear | Archer |
| 20:23 | Construir | Farm |
| 20:25 | Crear | Archer |
| 20:26 | Crear | Archer |
| 20:42 | Construir | House |
| 20:43 | Construir | House |
| 20:50 | Construir | House |
| 20:52 | Construir | House |
| 20:56 | Construir | House |
| 21:00 | Construir | House |
| 21:06 | Investigar | Castle Age |
| 21:22 | Construir | House |
| 21:31 | Construir | House |
| 21:35 | Construir | Palisade Wall |
| 21:55 | Crear | Archer |
| 21:55 | Crear | Archer |
| 22:01 | Investigar | Horse Collar |
| 22:01 | Investigar | Horse Collar |
| 22:03 | Crear | Archer |
| 22:03 | Crear | Archer |
| 22:09 | Construir | Palisade Wall |
| 22:11 | Construir | Palisade Wall |
| 22:14 | Construir | Lumber Camp |
| 22:48 | Construir | House |
| 23:33 | Crear | Archer |
| 23:33 | Crear | Archer |
| 23:33 | Crear | Archer |
| 23:35 | Crear | Villager (Male) |
| 23:46 | Edad | Edad de los Castillos |
| 23:53 | Construir | University |
| 24:00 | Investigar | Bodkin Arrow |
| 24:00 | Investigar | Crossbowman (upgrade) |
| 24:13 | Crear | Villager (Male) |
| 24:16 | Investigar | Heavy Plow |
| 24:29 | Construir | House |
| 24:44 | Crear | Elephant Archer |
| 24:48 | Crear | Villager (Male) |
| 24:48 | Crear | Villager (Male) |
| 25:11 | Investigar | Ballistics |
| 25:14 | Construir | House |
| 25:19 | Crear | Elephant Archer |
| 25:19 | Crear | Elephant Archer |
| 25:22 | Construir | Farm |
| 25:48 | Crear | Elephant Archer |
| 25:48 | Crear | Elephant Archer |
| 25:52 | Construir | Farm |
| 25:54 | Construir | Farm |
Build order — Jan the Hakker
Primeras 150 de 377 acciones detectadas
| 0:00 | Crear | Villager (Male) |
| 0:00 | Crear | Villager (Male) |
| 0:01 | Crear | Villager (Male) |
| 0:01 | Crear | Villager (Male) |
| 0:02 | Construir | House |
| 0:04 | Construir | House |
| 1:23 | Crear | Villager (Male) |
| 1:58 | Crear | Villager (Male) |
| 2:13 | Crear | Villager (Male) |
| 2:47 | Crear | Villager (Male) |
| 2:47 | Crear | Villager (Male) |
| 3:00 | Crear | Villager (Male) |
| 3:00 | Crear | Villager (Male) |
| 3:30 | Crear | Villager (Male) |
| 3:42 | Crear | Villager (Male) |
| 4:00 | Construir | House |
| 4:13 | Crear | Villager (Male) |
| 4:35 | Construir | Palisade Wall |
| 4:36 | Crear | Villager (Male) |
| 4:36 | Crear | Villager (Male) |
| 4:36 | Crear | Villager (Male) |
| 4:50 | Crear | Villager (Male) |
| 5:07 | Crear | Villager (Male) |
| 5:28 | Crear | Villager (Male) |
| 5:35 | Crear | Villager (Male) |
| 5:35 | Crear | Villager (Male) |
| 5:41 | Construir | Mill |
| 5:58 | Construir | House |
| 6:31 | Investigar | Feudal Age |
| 8:20 | Crear | Villager (Male) |
| 8:20 | Crear | Villager (Male) |
| 8:37 | Construir | Barracks |
| 8:49 | Investigar | Loom |
| 8:50 | Crear | Villager (Male) |
| 8:50 | Crear | Villager (Male) |
| 8:50 | Edad | Edad Feudal |
| 9:23 | Construir | Stable |
| 9:38 | Investigar | Double-Bit Axe |
| 9:52 | Crear | Villager (Male) |
| 9:52 | Crear | Villager (Male) |
| 10:05 | Crear | Scout Cavalry |
| 10:05 | Crear | Scout Cavalry |
| 10:10 | Construir | House |
| 10:11 | Construir | House |
| 10:39 | Crear | Scout Cavalry |
| 10:40 | Crear | Villager (Male) |
| 10:40 | Crear | Villager (Male) |
| 10:46 | Construir | Farm |
| 10:48 | Construir | Farm |
| 10:53 | Construir | Farm |
| 11:02 | Crear | Scout Cavalry |
| 11:03 | Crear | Villager (Male) |
| 11:03 | Crear | Villager (Male) |
| 11:03 | Crear | Villager (Male) |
| 11:18 | Construir | Farm |
| 11:35 | Crear | Scout Cavalry |
| 11:38 | Construir | Farm |
| 11:56 | Crear | Scout Cavalry |
| 11:57 | Crear | Villager (Male) |
| 12:00 | Construir | Farm |
| 12:00 | Crear | Villager (Male) |
| 12:20 | Crear | Villager (Male) |
| 12:20 | Crear | Villager (Male) |
| 12:53 | Construir | House |
| 12:54 | Construir | House |
| 12:54 | Construir | House |
| 13:08 | Crear | Scout Cavalry |
| 13:09 | Crear | Villager (Male) |
| 13:09 | Crear | Villager (Male) |
| 13:09 | Crear | Villager (Male) |
| 13:12 | Construir | House |
| 13:21 | Construir | Blacksmith |
| 13:49 | Crear | Scout Cavalry |
| 13:49 | Crear | Scout Cavalry |
| 13:59 | Construir | Farm |
| 14:00 | Construir | Farm |
| 14:13 | Investigar | Scale Barding Armor |
| 14:15 | Crear | Villager (Male) |
| 14:24 | Construir | Farm |
| 14:25 | Construir | Farm |
| 14:30 | Construir | Palisade Wall |
| 14:34 | Construir | House |
| 14:37 | Construir | Palisade Wall |
| 14:39 | Construir | Palisade Wall |
| 14:40 | Construir | Palisade Wall |
| 14:46 | Construir | Farm |
| 14:50 | Crear | Scout Cavalry |
| 15:03 | Construir | Building 800 |
| 15:09 | Construir | Palisade Wall |
| 15:11 | Construir | Palisade Wall |
| 15:15 | Crear | Villager (Male) |
| 15:15 | Crear | Villager (Male) |
| 15:19 | Construir | Farm |
| 15:20 | Crear | Villager (Male) |
| 15:20 | Crear | Villager (Male) |
| 15:22 | Construir | Farm |
| 15:30 | Construir | Farm |
| 15:30 | Crear | Villager (Male) |
| 15:41 | Crear | Villager (Male) |
| 15:41 | Crear | Villager (Male) |
| 15:48 | Construir | Mule Cart |
| 16:05 | Crear | Scout Cavalry |
| 16:41 | Crear | Scout Cavalry |
| 16:41 | Crear | Scout Cavalry |
| 16:43 | Crear | Villager (Male) |
| 16:45 | Construir | Farm |
| 16:49 | Construir | House |
| 17:13 | Construir | Market |
| 17:20 | Crear | Villager (Male) |
| 17:32 | Investigar | Forging |
| 17:32 | Investigar | Forging |
| 17:36 | Construir | Farm |
| 17:37 | Construir | Farm |
| 17:40 | Crear | Scout Cavalry |
| 17:58 | Construir | House |
| 18:07 | Crear | Villager (Male) |
| 18:07 | Crear | Villager (Male) |
| 18:07 | Crear | Villager (Male) |
| 18:12 | Crear | Villager (Male) |
| 18:13 | Crear | Villager (Male) |
| 18:22 | Crear | Villager (Male) |
| 18:30 | Crear | Villager (Male) |
| 18:34 | Crear | Villager (Male) |
| 19:01 | Crear | Villager (Male) |
| 19:01 | Crear | Villager (Male) |
| 19:03 | Crear | Villager (Male) |
| 19:03 | Crear | Villager (Male) |
| 19:13 | Crear | Villager (Male) |
| 19:25 | Crear | Villager (Male) |
| 19:34 | Construir | Mule Cart |
| 19:35 | Crear | Villager (Male) |
| 19:38 | Construir | House |
| 19:39 | Construir | Palisade Wall |
| 19:50 | Investigar | Bloodlines |
| 19:50 | Investigar | Bloodlines |
| 19:53 | Construir | Farm |
| 19:54 | Crear | Villager (Male) |
| 19:54 | Crear | Villager (Male) |
| 19:56 | Construir | Farm |
| 19:57 | Construir | Farm |
| 20:18 | Crear | Villager (Male) |
| 20:22 | Construir | House |
| 20:22 | Construir | House |
| 21:14 | Construir | House |
| 21:21 | Construir | Mule Cart |
| 21:22 | Crear | Villager (Male) |
| 21:22 | Crear | Villager (Male) |
| 22:11 | Construir | Palisade Wall |
| 22:13 | Construir | House |
| 22:25 | Investigar | Castle Age |
Build order — Pelopincho
Primeras 150 de 411 acciones detectadas
| 0:00 | Crear | Villager (Male) |
| 0:01 | Crear | Villager (Male) |
| 0:01 | Crear | Villager (Male) |
| 0:01 | Crear | Villager (Male) |
| 0:02 | Construir | House |
| 0:04 | Construir | House |
| 1:26 | Crear | Villager (Male) |
| 2:01 | Crear | Villager (Male) |
| 2:01 | Crear | Villager (Male) |
| 2:11 | Crear | Villager (Male) |
| 2:49 | Crear | Villager (Male) |
| 3:07 | Construir | Mill |
| 3:10 | Crear | Villager (Male) |
| 3:11 | Crear | Villager (Male) |
| 3:11 | Crear | Villager (Male) |
| 3:24 | Construir | House |
| 4:05 | Crear | Villager (Male) |
| 4:05 | Crear | Villager (Male) |
| 4:27 | Crear | Villager (Male) |
| 4:27 | Crear | Villager (Male) |
| 5:03 | Crear | Villager (Male) |
| 5:08 | Construir | Lumber Camp |
| 5:35 | Crear | Villager (Male) |
| 5:58 | Crear | Villager (Male) |
| 6:22 | Investigar | Loom |
| 6:52 | Investigar | Feudal Age |
| 7:34 | Construir | House |
| 7:53 | Construir | Barracks |
| 8:04 | Construir | Barracks |
| 8:06 | Crear | Villager (Male) |
| 8:09 | Construir | Palisade Wall |
| 8:14 | Construir | House |
| 8:17 | Construir | Palisade Wall |
| 8:18 | Construir | Palisade Wall |
| 8:25 | Construir | Palisade Gate |
| 9:11 | Edad | Edad Feudal |
| 9:15 | Construir | Stable |
| 9:20 | Investigar | Double-Bit Axe |
| 9:25 | Crear | Villager (Male) |
| 9:39 | Crear | Villager (Male) |
| 10:03 | Crear | Villager (Male) |
| 10:09 | Crear | Scout Cavalry |
| 10:10 | Construir | House |
| 10:11 | Construir | House |
| 10:23 | Crear | Scout Cavalry |
| 10:29 | Crear | Villager (Male) |
| 10:38 | Construir | Farm |
| 10:38 | Construir | Farm |
| 10:38 | Construir | Farm |
| 10:38 | Construir | Farm |
| 10:45 | Crear | Scout Cavalry |
| 11:01 | Crear | Villager (Male) |
| 11:12 | Crear | Scout Cavalry |
| 11:24 | Crear | Villager (Male) |
| 11:45 | Crear | Villager (Male) |
| 11:48 | Construir | Farm |
| 11:48 | Construir | Farm |
| 11:48 | Construir | Farm |
| 11:51 | Crear | Scout Cavalry |
| 12:09 | Construir | Blacksmith |
| 12:21 | Crear | Villager (Male) |
| 12:22 | Crear | Scout Cavalry |
| 12:36 | Crear | Villager (Male) |
| 12:39 | Construir | Farm |
| 12:40 | Construir | Farm |
| 12:40 | Construir | Farm |
| 12:55 | Crear | Scout Cavalry |
| 13:01 | Construir | House |
| 13:02 | Construir | House |
| 13:18 | Crear | Villager (Male) |
| 13:18 | Crear | Scout Cavalry |
| 13:37 | Investigar | Scale Barding Armor |
| 13:48 | Construir | Farm |
| 13:48 | Construir | Farm |
| 13:48 | Construir | Farm |
| 13:48 | Construir | Farm |
| 13:49 | Construir | Farm |
| 13:50 | Crear | Villager (Male) |
| 13:58 | Crear | Scout Cavalry |
| 14:07 | Crear | Villager (Male) |
| 14:31 | Construir | Farm |
| 14:31 | Construir | Farm |
| 14:31 | Construir | Farm |
| 14:32 | Construir | Farm |
| 14:32 | Construir | Farm |
| 14:44 | Crear | Villager (Male) |
| 14:45 | Crear | Scout Cavalry |
| 14:52 | Crear | Villager (Male) |
| 14:57 | Construir | Mining Camp |
| 15:01 | Crear | Scout Cavalry |
| 15:16 | Crear | Villager (Male) |
| 15:18 | Construir | Farm |
| 15:19 | Construir | Farm |
| 15:19 | Construir | Farm |
| 15:19 | Construir | Farm |
| 15:19 | Construir | Farm |
| 15:20 | Construir | Farm |
| 15:20 | Construir | Farm |
| 15:30 | Crear | Scout Cavalry |
| 15:36 | Construir | House |
| 15:37 | Construir | House |
| 15:38 | Construir | House |
| 15:45 | Crear | Villager (Male) |
| 15:59 | Crear | Scout Cavalry |
| 16:01 | Crear | Villager (Male) |
| 16:05 | Construir | Farm |
| 16:06 | Construir | Farm |
| 16:06 | Construir | Farm |
| 16:06 | Construir | Farm |
| 16:47 | Crear | Villager (Male) |
| 16:48 | Crear | Scout Cavalry |
| 16:50 | Investigar | Bloodlines |
| 17:01 | Crear | Villager (Male) |
| 17:01 | Crear | Scout Cavalry |
| 17:10 | Construir | Farm |
| 17:10 | Construir | Farm |
| 17:11 | Construir | Farm |
| 17:11 | Construir | Farm |
| 17:11 | Construir | Farm |
| 17:15 | Crear | Scout Cavalry |
| 17:29 | Crear | Villager (Male) |
| 17:44 | Crear | Villager (Male) |
| 17:45 | Crear | Scout Cavalry |
| 18:05 | Construir | Farm |
| 18:06 | Construir | Farm |
| 18:06 | Construir | Farm |
| 18:06 | Construir | Farm |
| 18:06 | Construir | Farm |
| 18:07 | Construir | Farm |
| 18:07 | Construir | Farm |
| 18:18 | Investigar | Wheelbarrow |
| 19:09 | Crear | Villager (Male) |
| 19:10 | Crear | Scout Cavalry |
| 19:13 | Construir | Farm |
| 19:14 | Construir | Farm |
| 19:15 | Construir | Farm |
| 19:31 | Crear | Scout Cavalry |
| 19:31 | Crear | Scout Cavalry |
| 19:49 | Crear | Villager (Male) |
| 19:52 | Construir | Farm |
| 19:53 | Construir | Farm |
| 19:54 | Construir | Farm |
| 19:58 | Crear | Villager (Male) |
| 20:12 | Construir | Farm |
| 20:12 | Construir | Farm |
| 20:12 | Construir | Farm |
| 20:22 | Construir | Farm |
| 20:23 | Construir | Farm |
| 20:39 | Crear | Villager (Male) |
| 20:50 | Crear | Scout Cavalry |
Build order — ReigNessaince
Primeras 150 de 494 acciones detectadas
| 0:01 | Crear | Villager (Male) |
| 0:02 | Crear | Villager (Male) |
| 0:02 | Crear | Villager (Male) |
| 0:04 | Investigar | Loom |
| 0:05 | Investigar | Loom |
| 0:06 | Construir | House |
| 0:07 | Construir | House |
| 0:17 | Crear | Villager (Male) |
| 0:27 | Crear | Villager (Male) |
| 0:28 | Crear | Villager (Male) |
| 0:28 | Crear | Villager (Male) |
| 1:30 | Crear | Villager (Male) |
| 1:30 | Crear | Villager (Male) |
| 2:04 | Crear | Villager (Male) |
| 2:07 | Construir | Lumber Camp |
| 2:15 | Crear | Villager (Male) |
| 2:46 | Crear | Villager (Male) |
| 2:47 | Crear | Villager (Male) |
| 3:08 | Construir | House |
| 3:10 | Construir | House |
| 3:16 | Crear | Villager (Male) |
| 3:37 | Crear | Villager (Male) |
| 3:52 | Crear | Villager (Male) |
| 4:15 | Construir | Palisade Wall |
| 4:20 | Crear | Villager (Male) |
| 4:41 | Construir | Mill |
| 5:12 | Crear | Villager (Male) |
| 5:12 | Crear | Villager (Male) |
| 5:12 | Crear | Villager (Male) |
| 5:13 | Crear | Villager (Male) |
| 5:32 | Crear | Villager (Male) |
| 5:52 | Crear | Villager (Male) |
| 6:00 | Crear | Villager (Male) |
| 7:10 | Construir | Mining Camp |
| 7:31 | Crear | Villager (Male) |
| 7:38 | Investigar | Feudal Age |
| 7:39 | Investigar | Feudal Age |
| 7:39 | Investigar | Feudal Age |
| 8:17 | Construir | Barracks |
| 8:54 | Construir | House |
| 9:23 | Crear | Villager (Male) |
| 9:27 | Crear | Villager (Male) |
| 9:48 | Edad | Edad Feudal |
| 9:58 | Construir | Archery Range |
| 10:02 | Investigar | Double-Bit Axe |
| 10:19 | Crear | Villager (Male) |
| 10:34 | Construir | Blacksmith |
| 10:36 | Construir | Palisade Wall |
| 10:38 | Construir | Palisade Wall |
| 10:40 | Crear | Villager (Male) |
| 10:52 | Crear | Archer |
| 10:52 | Crear | Archer |
| 11:06 | Crear | Villager (Male) |
| 11:16 | Investigar | Fletching |
| 11:28 | Crear | Archer |
| 11:28 | Crear | Villager (Male) |
| 11:39 | Crear | Villager (Male) |
| 11:50 | Crear | Archer |
| 11:51 | Crear | Villager (Male) |
| 11:59 | Construir | Archery Range |
| 12:10 | Crear | Archer |
| 12:11 | Crear | Villager (Male) |
| 12:23 | Construir | House |
| 12:24 | Crear | Villager (Male) |
| 12:28 | Crear | Villager (Male) |
| 12:35 | Construir | House |
| 12:37 | Construir | House |
| 12:43 | Crear | Archer |
| 12:44 | Crear | Archer |
| 12:45 | Crear | Archer |
| 12:52 | Construir | Palisade Gate |
| 12:54 | Construir | Building 800 |
| 13:11 | Crear | Archer |
| 13:12 | Crear | Villager (Male) |
| 13:13 | Crear | Villager (Male) |
| 13:14 | Crear | Archer |
| 13:17 | Crear | Villager (Male) |
| 13:41 | Construir | Watch Tower |
| 13:42 | Crear | Villager (Male) |
| 13:44 | Crear | Archer |
| 13:51 | Crear | Archer |
| 13:53 | Crear | Villager (Male) |
| 13:58 | Crear | Villager (Male) |
| 14:02 | Construir | House |
| 14:03 | Construir | House |
| 14:11 | Crear | Archer |
| 14:12 | Crear | Villager (Male) |
| 14:22 | Crear | Villager (Male) |
| 14:23 | Crear | Villager (Male) |
| 14:38 | Investigar | Padded Archer Armor |
| 14:42 | Crear | Archer |
| 14:42 | Crear | Archer |
| 14:46 | Crear | Archer |
| 14:46 | Crear | Archer |
| 14:49 | Crear | Villager (Male) |
| 15:06 | Crear | Spearman |
| 15:07 | Crear | Spearman |
| 15:23 | Crear | Archer |
| 15:23 | Crear | Archer |
| 15:28 | Crear | Spearman |
| 15:40 | Crear | Archer |
| 15:47 | Construir | Archery Range |
| 15:51 | Crear | Archer |
| 15:52 | Crear | Archer |
| 16:04 | Crear | Archer |
| 16:06 | Construir | House |
| 16:25 | Crear | Archer |
| 16:30 | Construir | Lumber Camp |
| 16:47 | Construir | Palisade Wall |
| 16:56 | Crear | Archer |
| 16:57 | Crear | Archer |
| 17:01 | Crear | Archer |
| 17:01 | Crear | Archer |
| 17:24 | Crear | Archer |
| 17:28 | Crear | Villager (Male) |
| 17:29 | Crear | Villager (Male) |
| 17:32 | Crear | Archer |
| 17:47 | Crear | Archer |
| 17:47 | Crear | Archer |
| 17:52 | Construir | Archery Range |
| 17:59 | Crear | Archer |
| 18:02 | Construir | Farm |
| 18:04 | Construir | Farm |
| 18:07 | Construir | House |
| 18:11 | Crear | Archer |
| 18:18 | Crear | Archer |
| 18:18 | Crear | Archer |
| 18:27 | Crear | Villager (Male) |
| 18:27 | Crear | Villager (Male) |
| 18:40 | Crear | Archer |
| 18:47 | Crear | Archer |
| 18:47 | Crear | Archer |
| 19:04 | Construir | Market |
| 19:15 | Crear | Villager (Male) |
| 19:20 | Construir | Farm |
| 19:22 | Construir | Farm |
| 19:35 | Construir | Lumber Camp |
| 19:37 | Crear | Archer |
| 19:37 | Crear | Archer |
| 19:46 | Crear | Villager (Male) |
| 19:46 | Crear | Villager (Male) |
| 19:51 | Construir | House |
| 19:56 | Construir | Palisade Wall |
| 20:03 | Crear | Archer |
| 20:04 | Crear | Archer |
| 20:04 | Crear | Archer |
| 20:04 | Crear | Archer |
| 20:24 | Crear | Villager (Male) |
| 20:26 | Crear | Archer |
| 20:26 | Crear | Archer |
Cronología de la partida
| 4:15 | ReigNessaince · wall_segment Palisade Wall x7 |
| 4:35 | Jan the Hakker · wall_segment Palisade Wall x1 |
| 7:25 | Obuk · first_building Barracks |
| 7:53 | Pelopincho · first_building Barracks |
| 7:56 | NSK.Kalupso · first_building Barracks |
| 8:08 | Kampie · first_building Barracks |
| 8:09 | Pelopincho · wall_segment Palisade Wall x1 |
| 8:11 | [DAO] Encoded29 · first_building Barracks |
| 8:17 | Pelopincho · wall_segment Palisade Wall x1 |
| 8:17 | ReigNessaince · first_building Barracks |
| 8:18 | Pelopincho · wall_segment Palisade Wall x1 |
| 8:37 | Jan the Hakker · first_building Barracks |
| 8:43 | Kampie · wall_segment Palisade Wall x1 |
| 8:50 | Jan the Hakker · age_up feudal |
| 8:52 | Ivolia · first_building Barracks |
| 9:11 | Pelopincho · age_up feudal |
| 9:15 | Pelopincho · first_building Stable |
| 9:17 | Kampie · age_up feudal |
| 9:20 | Kampie · first_building Archery Range |
| 9:23 | Jan the Hakker · first_building Stable |
| 9:24 | Obuk · age_up feudal |
| 9:25 | Obuk · first_building Archery Range |
| 9:39 | Ivolia · age_up feudal |
| 9:47 | [DAO] Encoded29 · age_up feudal |
| 9:48 | ReigNessaince · age_up feudal |
| 9:50 | [DAO] Encoded29 · first_building Stable |
| 9:55 | NSK.Kalupso · age_up feudal |
| 9:56 | NSK.Kalupso · first_building Stable |
| 9:58 | ReigNessaince · first_building Archery Range |
| 10:36 | ReigNessaince · wall_segment Palisade Wall x3 |
| 10:38 | ReigNessaince · wall_segment Palisade Wall x5 |
| 10:57 | Ivolia · first_building Archery Range |
| 11:59 | Ivolia · wall_segment Palisade Wall x1 |
| 12:15 | Ivolia · wall_segment Palisade Wall x1 |
| 12:33 | Ivolia · wall_segment Palisade Wall x1 |
| 14:30 | Kampie · wall_segment Palisade Wall x1 |
| 14:30 | Jan the Hakker · wall_segment Palisade Wall x7 |
| 14:30 | Kampie · wall_segment Palisade Wall x1 |
| 14:31 | Kampie · wall_segment Palisade Wall x1 |
| 14:37 | Jan the Hakker · wall_segment Palisade Wall x4 |
| 14:39 | Jan the Hakker · wall_segment Palisade Wall x5 |
| 14:40 | Jan the Hakker · wall_segment Palisade Wall x1 |
| 15:09 | Jan the Hakker · wall_segment Palisade Wall x5 |
| 15:11 | Jan the Hakker · wall_segment Palisade Wall x4 |
| 16:47 | ReigNessaince · wall_segment Palisade Wall x1 |
| 19:11 | Kampie · wall_segment Palisade Wall x1 |
| 19:39 | Jan the Hakker · wall_segment Palisade Wall x1 |
| 19:47 | Jan the Hakker · first_market_sell 100 wood |
| 19:56 | ReigNessaince · wall_segment Palisade Wall x13 |
| 20:08 | Kampie · wall_segment Palisade Wall x1 |
| 20:42 | Ivolia · wall_segment Palisade Wall x1 |
| 21:31 | Kampie · wall_segment Palisade Wall x1 |
| 21:33 | Kampie · wall_segment Palisade Wall x1 |
| 21:35 | Obuk · wall_segment Palisade Wall x3 |
| 21:35 | Kampie · wall_segment Palisade Wall x1 |
| 21:37 | Kampie · wall_segment Palisade Wall x1 |
| 21:38 | Kampie · wall_segment Palisade Wall x1 |
| 21:39 | Kampie · wall_segment Palisade Wall x1 |
| 21:40 | Kampie · wall_segment Palisade Wall x1 |
| 22:09 | Obuk · wall_segment Palisade Wall x2 |
| 22:11 | Obuk · wall_segment Palisade Wall x2 |
| 22:11 | Jan the Hakker · wall_segment Palisade Wall x20 |
| 22:16 | Ivolia · wall_segment Palisade Wall x1 |
| 22:20 | Ivolia · age_up castle |
| 22:23 | NSK.Kalupso · wall_segment Palisade Wall x1 |
| 22:25 | NSK.Kalupso · wall_segment Palisade Wall x1 |
| 22:34 | Pelopincho · wall_segment Palisade Wall x1 |
| 22:38 | NSK.Kalupso · age_up castle |
| 23:20 | NSK.Kalupso · first_market_sell 100 wood |
| 23:22 | Kampie · age_up castle |
| 23:32 | [DAO] Encoded29 · first_market_sell 100 wood |
| 23:46 | Obuk · age_up castle |
| 23:47 | Ivolia · wall_segment Palisade Wall x5 |
| 23:49 | Pelopincho · age_up castle |
| 24:05 | Kampie · wall_segment Palisade Wall x1 |
| 25:05 | Jan the Hakker · age_up castle |
| 25:12 | Ivolia · wall_segment Palisade Wall x1 |
| 25:13 | Ivolia · wall_segment Palisade Wall x1 |
| 25:21 | Pelopincho · wall_segment Stone Wall x12 |
| 25:41 | Ivolia · wall_segment Palisade Wall x1 |
| 25:44 | Ivolia · wall_segment Palisade Wall x1 |
| 25:52 | Jan the Hakker · wall_segment Palisade Wall x5 |
| 25:53 | Jan the Hakker · wall_segment Palisade Wall x3 |
| 26:10 | ReigNessaince · first_market_sell 500 wood |
| 26:13 | [DAO] Encoded29 · age_up castle |
| 26:21 | Ivolia · wall_segment Palisade Wall x1 |
| 26:22 | [DAO] Encoded29 · first_building Castle |
| 26:38 | ReigNessaince · first_market_buy 100 food |
| 26:49 | Kampie · wall_segment Palisade Wall x10 |
| 27:34 | [DAO] Encoded29 · first_market_buy 100 food |
| 27:40 | Obuk · wall_segment Palisade Wall x1 |
| 27:50 | Ivolia · wall_segment Palisade Wall x4 |
| 27:51 | Ivolia · wall_segment Palisade Wall x3 |
| 29:42 | ReigNessaince · age_up castle |
| 30:17 | Jan the Hakker · wall_segment Palisade Wall x5 |
| 30:21 | [DAO] Encoded29 · first_building Siege Workshop |
| 30:39 | Kampie · first_building Siege Workshop |
| 32:23 | NSK.Kalupso · first_market_buy 100 stone |
| 33:30 | Kampie · first_building Castle |
| 33:45 | NSK.Kalupso · first_building Monastery |
| 33:54 | Jan the Hakker · first_market_buy 100 wood |
| 35:15 | Jan the Hakker · wall_segment Stone Wall x3 |
| 35:29 | Jan the Hakker · wall_segment Stone Wall x1 |
| 35:39 | ReigNessaince · first_building Castle |
| 36:14 | Kampie · first_market_buy 100 food |
| 38:03 | NSK.Kalupso · age_up imperial |
| 38:58 | Obuk · first_market_sell 100 food |
| 39:17 | Obuk · first_building Siege Workshop |
| 39:24 | Kampie · age_up imperial |
| 39:42 | Obuk · wall_segment Stone Wall x2 |
| 40:07 | Ivolia · wall_segment Palisade Wall x1 |
| 40:15 | Obuk · wall_segment Stone Wall x1 |
| 41:09 | Jan the Hakker · first_building Monastery |
| 41:55 | NSK.Kalupso · first_building Castle |
| 43:31 | Ivolia · wall_segment Stone Wall x1 |
| 43:48 | Ivolia · resign |
[ ANÁLISIS IA · 1 CRÉDITO ]
¿Qué pasó realmente en esta partida?
Wolo.gg analiza cada decisión: build order, eco, micro, errores típicos por bracket. Análisis personalizado por WhatsApp o Discord en 30 segundos.
Guía civ
Armenios
Perfil
Jugador #1532050